 Dungeon Crawl Stone Soup version 0.24-a0-515-gbe7f5e2e8d (webtiles) character file.

Game seed: 6016646395183460443

5630 Froggeryz the Frost Mage (level 10, -3/88 HPs)
             Began as a Naga Ice Elementalist on July 21, 2019.
             Was a Priest of Vehumet.
             Succumbed to a spiny frog's poison
             ... on level 1 of the Lair of Beasts.
             The game lasted 00:29:58 (9997 turns).

Froggeryz the Frost Mage (Naga Ice Elementalist)    Turns: 9997, Time: 00:29:59

Health: -3/88      AC: 10    Str: 10    XL:     10   Next: 74%
Magic:  3/19       EV: 10    Int: 21    God:    Vehumet [***...]
Gold:   402        SH:  0    Dex: 13    Spells: 6/21 levels left

rFire    . . .     SeeInvis +   D - +2 short sword (elec)
rCold    . . .     Gourm    .   (no shield)
rNeg     . . .     Faith    .   a - +1 robe
rPois    +         Spirit   .   (no helmet)
rElec    .         Reflect  .   y - +0 cloak (curse)
rCorr    .         Harm     .   (no gloves)
MR       +....                  (no barding)
Stlth    ++........             l - amulet of magic regeneration
HPRegen  0.24/turn              g - +4 ring of protection
MPRegen  0.41/turn              w - +3 ring of intelligence

@: lethally poisoned (-3 -> -41), very slightly contaminated, very slow
A: large, see invisible, deformed body, poison resistance, slowness 2, slow
metabolism 1, spit poison 1, AC +3
a: Spit Poison, Renounce Religion


You were on level 1 of the Lair of Beasts.
You worshipped Vehumet.
Vehumet was most pleased with you.
You were very hungry.

You visited 3 branches of the dungeon, and saw 11 of its levels.
You also visited: Sewer.

You collected 462 gold pieces.
You spent 60 gold pieces at shops.

Inventory:

Hand Weapons
 r - a +2 whip of freezing
 D - a +2 short sword of electrocution (weapon)
Missiles
 j - 5 silver javelins (quivered)
Armour
 a - a +1 robe (worn)
 y - a cursed +0 cloak (worn)
Jewellery
 g - a +4 ring of protection (left hand)
 l - an amulet of magic regeneration (around neck)
 v - an uncursed ring of flight
 w - a +3 ring of intelligence (right hand)
 x - an uncursed ring of stealth
 A - an uncursed ring of protection from magic
 B - an uncursed ring of protection from fire
 E - an uncursed ring of protection from cold {unknown}
Wands
 d - a wand of flame (1)
 o - a wand of iceblast (22)
 F - a wand of paralysis (12)
Scrolls
 b - 5 scrolls of blinking
 e - 3 scrolls of teleportation
 f - a scroll of amnesia
 i - 2 scrolls of magic mapping
 k - 2 scrolls of remove curse
 n - 5 scrolls of fear
 p - a scroll of enchant weapon {unknown}
 t - 3 scrolls of identify
 C - 2 scrolls of brand weapon {unknown}
Potions
 h - 7 potions of curing
 m - 5 potions of magic
 q - 2 potions of haste
 u - 2 potions of degeneration {unknown}
 z - a potion of brilliance {unknown}
Comestibles
 c - 21 rations
 G - 4 chunks of flesh


   Skills:
 - Level 5.0 Fighting
 + Level 2.1 Short Blades
 - Level 1.5 Dodging
 - Level 3.0 Stealth
 - Level 6.1 Spellcasting
 - Level 7.0 Conjurations
 - Level 10.7 Ice Magic
 * Level 3.8 Air Magic


You had 6 spell levels left.
You knew the following spells:

 Your Spells              Type           Power        Failure   Level  Hunger
a - Freeze                Ice            ####         1%          1    None
b - Ozocubu's Armour      Chrm/Ice       ####....     3%          3    ##.....
c - Summon Ice Beast      Ice/Summ       ####....     11%         4    ####...
d - Throw Icicle          Conj/Ice       #####...     1%          4    ####...
e - Mephitic Cloud        Conj/Pois/Air  ###.....     1%          3    ##.....

Your spell library contained the following spells:

 Spells                   Type           Power        Failure   Level  Hunger
 Fulminant Prism          Conj/Hex       ###.......   6%          4    ####...
 Throw Frost              Conj/Ice       #####.       1%          2    None
 Ignite Poison            Fire/Tmut/Pois #.......     8%          3    ##.....
 Inner Flame              Hex/Fire       #.......     8%          3    ##.....
 Confusing Touch          Hex            #.....       10%         1    None
 Corona                   Hex            #......      10%         1    None
 Slow                     Hex            #.......     14%         2    None
 Sublimation of Blood     Necr           #.........   14%         2    None
 Irradiate                Conj/Tmut      ###.......   17%         5    #####..
 Confuse                  Hex            #.......     28%         3    ##.....
 Gell's Gravitas          Tloc           #.........   28%         3    ##.....
 Portal Projectile        Hex/Tloc       #.....       28%         3    ##.....
 Metabolic Englaciation   Hex/Ice        ####......   30%         5    #####..
 Yara's Violent Unravell  Hex/Tmut       #.........   54%         5    #####..
 Cause Fear               Hex            #.........   67%         4    ####...
 Leda's Liquefaction      Hex/Erth       #.........   67%         4    ####...
 Petrify                  Tmut/Erth      #.......     67%         4    ####...
 Alistair's Intoxication  Tmut/Pois      #.......     95%         5    #####..


Dungeon Overview and Level Annotations

Branches:
Dungeon (9/15)             Temple (1/1) D:4            Lair (1/6) D:9
    Orc: D:9-12

Altars:
Ashenzari
Cheibriados
Dithmenos
Elyvilon
Fedhas
Gozag
Hepliaklqana
Kikubaaqudgha
Makhleb
Nemelex Xobeh
Okawaru
Qazlal
Ru
Sif Muna
Trog
Uskayaw
Vehumet
Wu Jian
Xom
Yredelemnul
Zin
The Shining One

Shops:
D:5 !

Annotations:
Lair:1 Urug


Innate Abilities, Weirdness & Mutations

You cannot wear boots.
Your serpentine skin is tough. (AC +3)
You have supernaturally acute eyesight. (SInv)
Armour fits poorly on your strangely shaped body.
Your system is resistant to poisons. (rPois)
You cover ground very slowly.
You have a slow metabolism.
You can spit poison.


Message History

You feel much better.
Your ice beast hits Urug but does no damage.
The spiny frog stings you!
* * * LOW HITPOINT WARNING * * *
You are lethally poisoned!
The spiny frog poisons you!
You feel much better.
You feel sick. The spiny frog stings you!
* * * LOW HITPOINT WARNING * * *
You are lethally poisoned!
The spiny frog poisons you!
Urug screams, "Payback for my eye!"
Urug hits you with a +4 scimitar!!
* * * LOW HITPOINT WARNING * * *
Your ice beast closely misses Urug.
The spiny frog stings you.
* * * LOW HITPOINT WARNING * * *
Unknown command.
Blink to where?
Press: ? - help, Dir - move target cursor, p - spiny frog
As you read the scroll of blinking, it crumbles to dust.
You die...

.#### ##.......P# #. ..##
#........## ## .....# #.........#
#. .......#..####....# ##
...........# #...## ##
............P#...# #### ##.
.................## ##..#####..
..................# ##..........
........[.......@# #...........
...................###...##.###.#
................[....(..##### ###
........................## ###
.......................§.####P...
.......................FoY.......
.†......>................Y.......
.....)...................†.......
...÷....... ..........>......


You could see a spiny frog.

Vanquished Creatures
  Pikel (D:5)
  A komodo dragon (Lair:1)
  A wyvern (D:9)
  2 water moccasins
  4 slaves
  An ice beast (D:8)
  3 ogres
  3 phantoms
  An orc warrior (D:6)
  4 centaurs
  A big kobold (D:9)
  5 bullfrogs
  A water moccasin zombie (D:4)
  A water moccasin skeleton (D:8)
  3 scorpions
  2 killer bees (D:9)
  3 crimson imps
  2 bullfrog zombies (D:6)
  A centaur zombie (D:6)
  4 hounds
  3 orc priests
  A bullfrog skeleton (D:9)
  13 orc wizards
  2 iguanas
  3 worker ants
  2 hound skeletons (D:4)
  A gnoll (D:8)
  2 river rats (Sewer)
  10 adders
  An ooze (D:4)
  An adder skeleton (D:9)
  3 worms
  4 dart slugs
  4 leopard geckos
  13 orcs
  3 giant cockroaches
  3 goblins
  5 hobgoblins
  8 jackals
  15 kobolds
  2 quokkas
  4 ball pythons
  7 bats
  9 frilled lizards
  A leopard gecko zombie (D:6)
  12 rats
  A spectral orc (D:5)
  A plant (D:9)
178 creatures vanquished.

Vanquished Creatures (collateral kills)
  Harold (D:7)
  A komodo dragon (D:9)
  A wyvern (D:9)
  3 yaks (Lair:1)
  A hungry ghost (D:8)
  Duvessa (D:6)
  2 orc warriors (D:9)
  A porcupine (Lair:1)
  An ice beast (D:7)
  A sky beast (D:8)
  A necrophage (D:6)
  3 ogres
  A crocodile (Lair:1)
  A gnoll sergeant (D:8)
  A scorpion (D:7)
  Dowan (D:6)
  4 killer bees (D:9)
  A howler monkey (D:7)
  A bullfrog zombie (D:8)
  2 hounds
  A gnoll shaman (D:6)
  2 jellies (D:7)
  2 orc wizards
  An orc priest (D:9)
  A killer bee zombie (D:6)
  An adder (D:9)
  8 gnolls
  4 orcs
  A giant cockroach (D:6)
  A jackal (D:8)
  A plant (D:9)
52 creatures vanquished.

Vanquished Creatures (others)
  2 plants (D:9)
2 creatures vanquished.

Grand Total: 232 creatures vanquished

Notes
Turn   | Place    | Note
-------+----------+-------------------------------------------
     0 | D:1      | Froggeryz the Naga Ice Elementalist began the quest for the
                  | Orb.
     0 | D:1      | Reached XP level 1. HP: 15/15 MP: 3/3
   269 | D:1      | Reached XP level 2. HP: 14/22 MP: 1/5
   538 | D:1      | Reached skill level 4 in Ice Magic
   710 | D:1      | Reached XP level 3. HP: 26/28 MP: 3/6
  1646 | D:2      | Reached XP level 4. HP: 21/36 MP: 2/7
  2150 | D:3      | Reached skill level 5 in Ice Magic
  2517 | D:3      | Found a burning altar of Makhleb.
  2525 | D:3      | Reached XP level 5. HP: 14/42 MP: 2/8
  2965 | D:4      | Found a glowing drain.
  2976 | Sewer    | Entered a sewer
  3264 | Sewer    | Reached skill level 6 in Ice Magic
  3518 | D:4      | Learned a level 3 spell: Ozocubu's Armour
  3526 | D:4      | Found a sacrificial altar of Ru.
  3582 | D:4      | Found a staircase to the Ecumenical Temple.
  3803 | D:4      | Reached XP level 6. HP: 42/49 MP: 4/9
  3831 | Temple   | Entered the Ecumenical Temple
  4037 | Temple   | Became a worshipper of Vehumet
  4304 | D:4      | Reached skill level 7 in Ice Magic
  4589 | D:5      | Entered Level 5 of the Dungeon
  4589 | D:5      | Found Foosofreo's Distillery.
  4590 | D:5      | Reached XP level 7. HP: 55/55 MP: 11/11
  4602 | D:5      | Bought a potion of heal wounds for 60 gold pieces
  4612 | D:5      | Noticed Pikel
  5020 | D:5      | Killed Pikel
  5020 | D:5      | Reached skill level 8 in Ice Magic
  5020 | D:5      | Reached XP level 8. HP: 34/62 MP: 7/14
  5121 | D:5      | Found a white marble altar of Elyvilon.
  5134 | D:5      | Reached skill level 9 in Ice Magic
  5223 | D:5      | Found a stormy altar of Qazlal.
  5328 | D:5      | Found a basalt altar of Yredelemnul.
  5651 | D:6      | Reached skill level 5 in Spellcasting
  5759 | D:6      | Learned a level 4 spell: Summon Ice Beast
  6117 | D:6      | Reached * piety under Vehumet
  6117 | D:6      | Offered knowledge of Shock by Vehumet.
  6188 | D:6      | Reached skill level 10 in Ice Magic
  6200 | D:6      | Reached XP level 9. HP: 53/68 MP: 14/17
  6370 | D:6      | Found a snail-covered altar of Cheibriados.
  6821 | D:6      | Noticed Dowan
  6822 | D:6      | Noticed Duvessa
  6840 | D:6      | Killed Dowan
  6852 | D:6      | Killed Duvessa
  7044 | D:6      | Learned a level 4 spell: Throw Icicle
  7075 | D:7      | Noticed Harold
  7114 | D:7      | Killed Harold
  7114 | D:7      | Reached skill level 1 in Fighting
  7178 | D:7      | Found a deep blue altar of Sif Muna.
  7357 | D:7      | Offered knowledge of Flame Tongue by Vehumet.
  7361 | D:7      | Reached ** piety under Vehumet
  7979 | D:8      | Reached skill level 5 in Conjurations
  8050 | D:8      | Reached XP level 10. HP: 69/84 MP: 16/19
  8721 | D:9      | Offered knowledge of Mephitic Cloud by Vehumet.
  8732 | D:9      | Learned a level 3 spell: Mephitic Cloud
  8774 | D:9      | Found an iron altar of Okawaru.
  8872 | D:9      | Reached *** piety under Vehumet
  8968 | D:9      | Found a staircase to the Lair.
  8982 | D:9      | Reached skill level 1 in Air Magic
  9406 | D:9      | Reached skill level 5 in Fighting
  9645 | D:9      | Reached skill level 1 in Short Blades
  9784 | Lair:1   | Entered Level 1 of the Lair of Beasts
  9844 | Lair:1   | Offered knowledge of Fulminant Prism by Vehumet.
  9968 | Lair:1   | Noticed Urug
  9977 | Lair:1   | Noticed a spiny frog
  9996 | Lair:1   | HP: 1/88 [spiny frog (5)]
  9997 | Lair:1   | Succumbed to a spiny frog's poison

Levels and vault maps discovered:
D:1:      dpeg_arrival_water_fire, layout_basic, minmay_misc_feat_iff,
          dk_noncrumbling_3
D:2:      kennysheep_big_flooded_room, layout_loops_corners
D:3:      layout_basic, first_ration, makhleb_blood_cavern_becter
D:4:      layout_loops_cross, minmay_temple_entry_drinking_statues,
          cheibrodos_sewer_entry_bend, nicolae_ru_awakened_eye
D:5:      layout_loops_ring, grunt_qazlal_sundering, elyvilon_altar_5,
          yredelemnul_forgotten_temple_becter, serial_shops, shop, uniq_pikel
D:6:      minmay_flawed_box, layout_loops_ring, kennysheep_little_box,
          minmay_strange_pillars, uniq_duvessa
D:7:      layout_basic, lemuel_blue_sif_altar, uniq_harold
D:8:      lemuel_upstairs_altar, layout_basic
D:9:      layout_gridville, david_lair_shrubbed, basic_altar
Temple:   dpeg_five_rooms_temple
Lair:1:   layout_layer_cave, portal_ice_cave_rime, minmay_holes,
          infiniplex_staircase_pool, uniq_urug

Skill      XL: |  1  2  3  4  5  6  7  8  9 10 |
---------------+-------------------------------+-----
Ice Magic      | 4 5 6 7 8 10 | 10.7
Spellcasting   | 3 4 5 6 |  6.1
Fighting       | 3 5 |  5.0
Conjurations   | 5 7 |  7.0
Air Magic      | 3 |  3.8
Short Blades   | 2 |  2.1
Dodging        | |  1.5
Stealth        | |  3.0

Action                   |  1- 3 |  4- 6 |  7- 9 | 10-12 || total
-------------------------+-------+-------+-------+-------++-------
Melee: Unarmed           |    13 |       |       |       ||    13
       Short sword       |    12 |   101 |    10 |    67 ||   190
       Whip              |       |       |   182 |    50 ||   232
Throw: Javelin           |       |    16 |     8 |       ||    24
       Stone             |       |     1 |       |       ||     1
 Cast: Freeze            |    31 |    45 |   120 |    40 ||   236
       Ozocubu's Armour  |       |     3 |     8 |     4 ||    15
       Summon Ice Beast  |       |       |    32 |    37 ||    69
       Throw Icicle      |       |       |       |     1 ||     1
 Abil: Spit Poison       |    15 |    12 |    24 |     7 ||    58
Evoke: Wand              |       |       |       |     2 ||     2
  Use: Scroll            |     3 |     2 |    10 |     2 ||    17
       Potion            |       |     1 |     1 |     4 ||     6
 Stab: Sleeping          |     1 |     6 |     7 |     1 ||    15
       Distracted        |       |       |     2 |     1 ||     3
  Eat: Chunk             |     2 |     8 |    15 |    10 ||    35
       Ration            |       |     1 |       |       ||     1
Armor: Robe              |     9 |    33 |   122 |    84 ||   248
       Skin              |       |    22 |       |       ||    22
Dodge: Dodged            |    31 |    71 |   142 |    87 ||   331

Table legend:
 A = Non-vault XP
 B = Vault XP
 C = Vault XP percentage of total XP
 D = Non-vault monster count
 E = Vault monster count
 F = Vault count percentage of total count
                 A         B        C        D         E       F
            +---------+---------+-------+---------+---------+-------
      Total |    6075 |    1968 |  24.5 |     185 |      39 |  17.4
            +---------+---------+-------+---------+---------+-------
        D:1 |      40 |       0 |   0.0 |      23 |       0 |   0.0
        D:2 |      40 |      15 |  27.3 |       9 |       2 |  18.2
        D:3 |      52 |      43 |  45.3 |      13 |       1 |   7.1
        D:4 |     364 |       5 |   1.4 |      13 |       1 |   7.1
        D:5 |     575 |     674 |  54.0 |      14 |       2 |  12.5
        D:6 |     837 |     492 |  37.0 |      30 |      13 |  30.2
        D:7 |     776 |     496 |  39.0 |      13 |       1 |   7.1
        D:8 |     889 |       0 |   0.0 |      24 |       0 |   0.0
        D:9 |    1794 |     186 |   9.4 |      40 |       1 |   2.4
     Lair:1 |     708 |       0 |   0.0 |       6 |       0 |   0.0
      Sewer |       0 |      57 | 100.0 |       0 |      18 | 100.0
            +---------+---------+-------+---------+---------+-------
